 Dungeon Crawl Stone Soup version 0.28.0 (webtiles) character file.

Game seed: 14772026241923207480

159 HallandMoats the Skirmisher (level 5, -20/42 HPs)
             Began as a Demonspawn Monk on Feb 6, 2022.
             Killed from afar by Ijyb (45 damage)
             ... with a bolt of acid
             ... on level 4 of the Dungeon.
             The game lasted 00:02:44 (4110 turns).

HallandMoats the Skirmisher (Demonspawn Monk)       Turns: 4110, Time: 00:02:45

Health: -20/42     AC:  3    Str: 13    XL:     5   Next: 17%
Magic:  7/7        EV: 11    Int: 12    God:
Gold:   185        SH:  0    Dex: 15    Spells: 4/4 levels left

rFire   . . .      SeeInvis .     - Unarmed
rCold   . . .      Faith    .   (no shield)
rNeg    . . .      Spirit   .   g - +0 ring mail
rPois   .          Reflect  .   (helmet restricted)
rElec   .          Harm     .   i - +0 cloak
rCorr   .          Rampage  .   (no gloves)
Will    .....                   j - +0 pair of boots
Stlth   +.........              (no amulet)
HPRegen 0.14/turn               (no ring)
MPRegen 0.10/turn               (no ring)

@: mighty, corroded
A: claws 1, horns 1, weakness stinger 1
a: no special abilities


You were on level 4 of the Dungeon.
You visited 1 branch of the dungeon, and saw 4 of its levels.

You collected 185 gold pieces.

Inventory:

Armour
 g - a +0 ring mail (worn)
 i - a +0 cloak (worn)
 j - a +0 pair of boots (worn)
Scrolls
 a - a scroll of fear {unknown}
 b - 3 scrolls of enchant weapon {unknown}
 c - a scroll of vulnerability {unknown}
 d - a scroll of magic mapping {unknown}
 e - a scroll of identify {unknown}
 f - a scroll of immolation {unknown}
 k - a scroll of blinking {unknown}
 l - 2 scrolls of silence {unknown}
Potions
 h - a potion of ambrosia {unknown}
 m - 2 potions of cancellation {unknown}
 n - a potion of might


   Skills:
 * Level 3.9 Fighting
 + Level 1.3 Armour
 + Level 3.1 Dodging
 - Level 1.7 Stealth
 * Level 3.5 Unarmed Combat
 * Level 3.0 Invocations


You had 4 spell levels left.
You didn't know any spells.
Your spell library contained the following spells:

 Spells                   Type           Power      Damage    Failure   Level
 Magic Dart               Conj           0%         1d3       56%         1
 Searing Ray              Conj           0%         2d4       71%         2
 Cause Fear               Hex            0%         N/A       100%        4
 Fulminant Prism          Conj/Hex       0%         3d6       100%        4
 Dragon Form              Tmut           0%         N/A       100%        7
 Dragon's Call            Summ           0%         N/A       100%        9


Dungeon Overview and Level Annotations

Branches:
Dungeon (4/15)
 Temple: D:4-7

Altars:
Uskayaw

Annotations:
D:4 Ijyb


Innate Abilities, Weirdness & Mutations

You have sharp fingernails.
You have a pair of small horns on your head.
You have a small tail.


Message History

The acid corrodes you! Ijyb hits you with a +0 dagger.
You are too injured to fight recklessly!
You are too injured to fight recklessly!
You are too injured to fight recklessly!
You are too injured to fight recklessly!
You are too injured to fight recklessly!
You are too injured to fight recklessly!
You are too injured to fight recklessly!
You are too injured to fight recklessly!
You are too injured to fight recklessly!
You are too injured to fight recklessly!
You are too injured to fight recklessly!
You are too injured to fight recklessly!
You are too injured to fight recklessly!
You are too injured to fight recklessly!
You are too injured to fight recklessly!
You are too injured to fight recklessly!
You feel much better. Ijyb hits you with a +0 dagger.
It was a potion of might.
You feel very mighty all of a sudden. Ijyb hits you but does no damage.
Ijyb zaps a wand.
The bolt of acid misses you.
You barely miss Ijyb.
Your tail-slap misses Ijyb.
Ijyb is lightly wounded.
Ijyb hits you with a +0 dagger.
You barely miss Ijyb. You claw Ijyb.
Ijyb is moderately wounded.
Ijyb screams, "Level is mine!
All mine!"
Ijyb zaps a wand.
The bolt of acid misses you.
You scratch Ijyb but do no damage. You headbutt Ijyb.
Ijyb is moderately wounded.
Ijyb hits you with a +0 dagger. x2
You closely miss Ijyb.
Your tail-slap misses Ijyb.
Ijyb is moderately wounded.
Ijyb hits you with a +0 dagger.
You barely miss Ijyb. You headbutt Ijyb, but do no damage. You tail-slap Ijyb.
Ijyb is heavily wounded.
Ijyb zaps a wand.
The bolt of acid hits you!!!
Ouch! That really hurt!
You die...

##†## #......#
#...####.####.#
..#...#<......#
#...#........##
##.####..###.# ...# ...#
#.# #### #.#.# #.#
#....# #.#######.#.#
##.#.#.###....@g.....#
###.##.#..##..######.###
..........##..#
#..#...#.##..#
#.#..#..###..#
#............#
#.#..#......####
##.##.............
...#####.#########


You could see Ijyb (fast).

Vanquished Creatures
  An iguana (D:3)
  An orc wizard (D:3)
  2 adders (D:3)
  2 river rats (D:3)
  4 dart slugs
  A worm (D:2)
  4 orcs (D:3)
  4 ball pythons
  3 endoplasms
  2 giant cockroaches
  3 goblins
  5 hobgoblins (D:1)
  6 jackals (D:2)
  3 quokkas
  3 bats (D:1)
  2 frilled lizards
  6 kobolds
  9 rats
61 creatures vanquished.

Notes
Turn   | Place    | Note
-------+----------+-------------------------------------------
     0 | D:1      | HallandMoats the Demonspawn Monk began the quest for the
                  | Orb.
     0 | D:1      | Reached XP level 1. HP: 18/18 MP: 1/1
   364 | D:1      | Reached skill level 1 in Invocations
   364 | D:1      | Discovered your monstrous ancestry.
   364 | D:1      | Gained mutation: You have a pair of small horns on your
                  | head. [demonic ancestry]
   364 | D:1      | Reached XP level 2. HP: 15/24 MP: 2/2
  1726 | D:2      | Reached XP level 3. HP: 29/29 MP: 4/4
  1977 | D:2      | Found a faded altar of an unknown god.
  2576 | D:3      | Reached skill level 1 in Armour
  2576 | D:3      | Gained mutation: You have sharp fingernails. [demonic
                  | ancestry]
  2576 | D:3      | Reached XP level 4. HP: 3/35 MP: 5/5
  3183 | D:3      | Found a hide-covered altar of Uskayaw.
  3888 | D:3      | Gained mutation: You have a small tail. [demonic ancestry]
  3888 | D:3      | Reached XP level 5. HP: 37/42 MP: 7/7
  4099 | D:4      | Noticed Ijyb
  4110 | D:4      | Killed from afar by Ijyb

Illustrated notes

Levels and vault maps discovered:
D:1:      scummos_arrival_checkerplants, layout_basic, st_stairs_2,
          hangedman_abyss_or_decor_stabs
D:2:      layout_basic, chequers_ecumenical_altar_island
D:3:      layout_basic, mainiacjoe_overflow_alcove_4, serial_aquarium,
          aquarium_bridge_straight [aquarium_subvault_bridge,
          aquarium_subvault_wall, aquarium_subvault_bridge,
          aquarium_subvault_balcony], aquarium_bridge_square
          [aquarium_subvault_bridge, aquarium_subvault_balcony,
          aquarium_subvault_bridge, aquarium_subvault_wall], aquarium_window_1,
          aquarium_window_fake, aquarium_window_1, aquarium_window_1,
          aquarium_view_2b, aquarium_pool_1, portal_sewer_entry_e
D:4:      layout_loops_ring, minmay_temple_entry_poolview,
          gammafunk_ghost_split, minmay_cupped, uniq_ijyb, uniq_eustachio

Skill      XL: |  1  2  3  4 |
---------------+-------------+-----
Invocations    | 1 2 3 |  3.0
Unarmed Combat | 3 |  3.5
Armour         | 1 |  1.3
Dodging        | 3 |  3.1
Fighting       | |  3.9
Stealth        | |  1.7

Action                   |  1- 3 |  4- 6 || total
-------------------------+-------+-------++-------
Melee: Unarmed           |   153 |    82 ||   235
       Headbutt          |    18 |    10 ||    28
       Punch             |     3 |     2 ||     5
       Tailslap          |       |     4 ||     4
  Use: Potion            |       |     3 ||     3
 Stab: Sleeping          |     5 |       ||     5
Armor: Robe              |    13 |       ||    13
       Ring mail         |    31 |    29 ||    60
Dodge: Dodged            |    84 |    28 ||   112
